BSA
NEW YORK KNIGHTS @ BOSTON REBELS
10/06/2025
 
TOP OF THE 1ST
New York Knights batting - Pitching for Boston Rebels : LHP José Hidalgo
Pitching: LHP José Hidalgo
Batting: LHB Vincente Sáenz 0-0: Ball
1-0: Foul Ball, location: 2F
1-1: SINGLE (Line Drive, 56)
Batting: RHB Sixto Vélez 0-0: Ball
1-0: Ball
2-0: Foul Ball, location: 2F
2-1: DOUBLE (Line Drive, 8RS)
Vincente Sáenz to third
Batting: LHB Tom Waller 0-0: SINGLE (Flyball, 7LM)
Vincente Sáenz scores
Sixto Vélez to third
Batting: SHB Marvin Harris 0-0: Ball
1-0: Ball
2-0: Called Strike
2-1: Fly out, F9 (Flyball, 9S)
Batting: RHB Pepe Carrasco 0-0: Called Strike
0-1: Ball
1-1: Ball
2-1: Ball
3-1: Called Strike
3-2: Fielders Choice at 2nd, 2-4 (Groundball, 2L)
Batting: RHB Eugenio Lucero 0-0: Ball
1-0: Fly out, F7 (Flyball, 7D)
Top of the 1st over - 1 run(s), 3 hit(s), 0 error(s), 2 left on base; New York 1 - Boston 0
BOTTOM OF THE 1ST
Boston Rebels batting - Pitching for New York Knights : RHP José Navarro
Pitching: RHP José Navarro
Batting: LHB Félix Gómez 0-0: SINGLE (Flyball, 6MD)
Batting: LHB Stanley Mullins 0-0: Reached on error, E5 (Groundball, 5S)
Félix Gómez to second
Batting: LHB Bill Wilson 0-0: Ball
1-0: DOUBLE (Line Drive, 7LS)
Félix Gómez scores
Stanley Mullins to third
Batting: LHB Lorenzo Flores 0-0: Ball
1-0: Called Strike
1-1: Foul Ball, location: 2F
1-2: Ground out 1-3 (Groundball, 15)
Batting: SHB Javier Villegas 0-0: Ball
1-0: Ball
2-0: Ball
3-0: Called Strike
3-1: Swinging Strike
3-2: Foul Ball, location: 2F
3-2: Strikes out swinging
Batting: LHB Leo Wyeth 0-0: Ball
1-0: Ground out 4-3 (Groundball, 4)
Bottom of the 1st over - 1 run(s), 2 hit(s), 1 error(s), 2 left on base; New York 1 - Boston 1
TOP OF THE 2ND
New York Knights batting - Pitching for Boston Rebels : LHP José Hidalgo
Batting: LHB Warren Potter 0-0: Ball
1-0: Swinging Strike
1-1: Ground out 3-1 (Groundball, 34)
Batting: RHB Yasuhiko Sumita 0-0: SINGLE (Popup, 3S)
Batting: RHB Lonnie Anderson 0-0: Ball
1-0: Swinging Strike
1-1: Ball
2-1: Grounds into double play, 1-6-3 (Groundball, 13)
Top of the 2nd over - 0 run(s), 1 hit(s), 0 error(s), 0 left on base; New York 1 - Boston 1
BOTTOM OF THE 2ND
Boston Rebels batting - Pitching for New York Knights : RHP José Navarro
Batting: RHB Ronnie Brown 0-0: Ball
1-0: Swinging Strike
1-1: Ball
2-1: SINGLE (Line Drive, 4D)
Batting: LHB Tony Ramírez 0-0: Fly out, F2 (Popup, 2LF)
Batting: RHB Rubén Matos 0-0: SINGLE (Groundball, 25) (infield hit)
Ronnie Brown to second
Batting: LHB Félix Gómez 0-0: Foul Ball, location: 2F
0-1: Ball
1-1: Ball
2-1: Called Strike
2-2: Strikes out looking
Batting: LHB Stanley Mullins 0-0: TRIPLE (Line Drive, 9LM)
Ronnie Brown scores
Rubén Matos scores
Batting: LHB Bill Wilson 0-0: Called Strike
0-1: Ball
1-1: Foul Ball, location: 2F
1-2: Strikes out swinging
Bottom of the 2nd over - 2 run(s), 3 hit(s), 0 error(s), 1 left on base; New York 1 - Boston 3
TOP OF THE 3RD
New York Knights batting - Pitching for Boston Rebels : LHP José Hidalgo
Batting: LHB Vincente Sáenz 0-0: Called Strike
0-1: Called Strike
0-2: Foul Ball, location: 2F
0-2: SINGLE (Groundball, 56D)
Batting: RHB Sixto Vélez 0-0: Foul Ball, location: 2F
0-1: Ball
1-1: Foul Ball, location: 2F
1-2: Ball
2-2: Fly out, F7 (Flyball, 7LM)
Batting: LHB Tom Waller 0-0: Swinging Strike
0-1: Grounds out, U3 (Groundball, 3L)
Batting: SHB Marvin Harris 0-0: Ball
1-0: Ball
2-0: SINGLE (Groundball, 56D)
Vincente Sáenz to third
Runner from 3rd tries for Home, SAFE, no throw or cutoff
Batting: RHB Pepe Carrasco 0-0: Called Strike
0-1: Fielders Choice at 2nd, U4 (Groundball, 4M)
Top of the 3rd over - 1 run(s), 2 hit(s), 0 error(s), 1 left on base; New York 2 - Boston 3
BOTTOM OF THE 3RD
Boston Rebels batting - Pitching for New York Knights : RHP José Navarro
Batting: LHB Lorenzo Flores 0-0: Called Strike
0-1: Swinging Strike
0-2: Ball
1-2: Ball
2-2: SINGLE (Groundball, 34S)
Batting: SHB Javier Villegas 0-0: Ball
1-0: Ball
2-0: Ball
3-0: Fielders Choice at 2nd, 4-6 (Groundball, 34)
Batting: LHB Leo Wyeth 0-0: Ball
1-0: Ball
2-0: Ball
3-0: Base on Balls
Javier Villegas to second
Batting: RHB Ronnie Brown 0-0: Called Strike
0-1: Fly out, F8 (Flyball, 8LM)
Batting: LHB Tony Ramírez 0-0: Swinging Strike
0-1: Foul Ball, location: 2F
0-2: Ball
1-2: Strikes out looking
Bottom of the 3rd over - 0 run(s), 1 hit(s), 0 error(s), 2 left on base; New York 2 - Boston 3
TOP OF THE 4TH
New York Knights batting - Pitching for Boston Rebels : LHP José Hidalgo
Batting: RHB Eugenio Lucero 0-0: Foul Ball, location: 2F
0-1: Foul Ball, location: 2F
0-2: Ball
1-2: Foul Ball, location: 2F
1-2: Fly out, F9 (Flyball, 9M)
Batting: LHB Warren Potter 0-0: Foul Ball, location: 2F
0-1: Ground out 4-3 (Groundball, 4)
Batting: RHB Yasuhiko Sumita 0-0: Foul Ball, location: 2F
0-1: Reached on error, E6 (Groundball, 6M)
Batting: RHB Lonnie Anderson 0-0: Ball
1-0: Swinging Strike
1-1: Ground out 5-3 (Groundball, 56)
Top of the 4th over - 0 run(s), 0 hit(s), 1 error(s), 1 left on base; New York 2 - Boston 3
BOTTOM OF THE 4TH
Boston Rebels batting - Pitching for New York Knights : RHP José Navarro
Batting: RHB Rubén Matos 0-0: Called Strike
0-1: Fly out, F6 (Popup, 6S)
Batting: LHB Félix Gómez 0-0: Ball
1-0: Ground out U3 (Groundball, 3L)
Batting: LHB Stanley Mullins 0-0: Ball
1-0: Ball
2-0: Ball
3-0: Fly out, F2 (Popup, 2RF)
Bottom of the 4th over - 0 run(s), 0 hit(s), 0 error(s), 0 left on base; New York 2 - Boston 3
TOP OF THE 5TH
New York Knights batting - Pitching for Boston Rebels : LHP José Hidalgo
Batting: LHB Vincente Sáenz 0-0: Ball
1-0: Foul Ball, location: 2F
1-1: Foul Ball, location: 2F
1-2: Foul Ball, location: 2F
1-2: Foul Ball, location: 2F
1-2: Ground out 4-3 (Groundball, 34)
Batting: RHB Sixto Vélez 0-0: Ball
1-0: Ball
2-0: Ground out 1-3 (Groundball, 13S)
Batting: LHB Tom Waller 0-0: Ball
1-0: Ball
2-0: SOLO HOME RUN (Flyball, 9LD), Distance : 331 ft
Batting: SHB Marvin Harris 0-0: Ball
1-0: Called Strike
1-1: Ball
2-1: Foul Ball, location: 2F
2-2: Ball
3-2: DOUBLE (Groundball, 3D)
Pitching: LHP José Gómez
Batting: RHB Pepe Carrasco 0-0: Ball
1-0: Called Strike
1-1: Ball
2-1: Called Strike
2-2: Ball
3-2: Base on Balls
Batting: RHB Eugenio Lucero 0-0: Swinging Strike
0-1: Ball
1-1: SINGLE (Line Drive, 7LS)
Marvin Harris to third
Pepe Carrasco to second
Batting: LHB Warren Potter 0-0: Swinging Strike
0-1: Swinging Strike
0-2: Foul Ball, location: 2F
0-2: Ball
1-2: Strikes out swinging
Top of the 5th over - 1 run(s), 3 hit(s), 0 error(s), 3 left on base; New York 3 - Boston 3
BOTTOM OF THE 5TH
Boston Rebels batting - Pitching for New York Knights : RHP José Navarro
Batting: LHB Bill Wilson 0-0: Fly out, F7 (Flyball, 78D)
Batting: LHB Lorenzo Flores 0-0: Foul Ball, location: 2F
0-1: Foul Ball, location: 2F
0-2: Strikes out swinging
Batting: SHB Javier Villegas 0-0: Ball
1-0: Foul Ball, location: 2F
1-1: Foul Ball, location: 2F
1-2: Hit by Pitch
Batting: LHB Leo Wyeth 0-0: Foul Ball, location: 2F
0-1: Ball
1-1: Foul Ball, location: 2F
1-2: Strikes out looking
Bottom of the 5th over - 0 run(s), 0 hit(s), 0 error(s), 1 left on base; New York 3 - Boston 3
TOP OF THE 6TH
New York Knights batting - Pitching for Boston Rebels : LHP José Gómez
Batting: RHB Yasuhiko Sumita 0-0: Ball
1-0: Foul Ball, location: 2F
1-1: Ground out 4-3 (Groundball, 4)
Batting: RHB Lonnie Anderson 0-0: SINGLE (Flyball, 89S)
Batting: LHB Vincente Sáenz 0-0: DOUBLE (Line Drive, 3L)
Lonnie Anderson to third
Batting: RHB Sixto Vélez 0-0: Intentional Walk
Batting: LHB Tom Waller 0-0: Fly out, F8 (Flyball, 8RD)
Runner from 3rd tags up, SCORES, no throw
Batting: SHB Marvin Harris 0-0: Ball
1-0: Ball
2-0: Foul Ball, location: 2F
2-1: Swinging Strike
2-2: Foul Ball, location: 2F
2-2: Ball
3-2: Reached on error, E5 (Groundball, 56S)
Vincente Sáenz to third
Sixto Vélez to second
Batting: RHB Pepe Carrasco 0-0: Ball
1-0: Swinging Strike
1-1: Called Strike
1-2: Strikes out swinging
Top of the 6th over - 1 run(s), 2 hit(s), 1 error(s), 3 left on base; New York 4 - Boston 3
BOTTOM OF THE 6TH
Boston Rebels batting - Pitching for New York Knights : RHP José Navarro
Batting: RHB Ronnie Brown 0-0: Ball
1-0: Ball
2-0: Called Strike
2-1: Ball
3-1: Ground out 1-3 (Groundball, 13)
Batting: LHB Tony Ramírez 0-0: Ground out 4-3 (Groundball, 4M)
Batting: RHB Rubén Matos 0-0: Called Strike
0-1: Ball
1-1: Ground out 4-3 (Groundball, 4M)
Bottom of the 6th over - 0 run(s), 0 hit(s), 0 error(s), 0 left on base; New York 4 - Boston 3
TOP OF THE 7TH
New York Knights batting - Pitching for Boston Rebels : LHP José Gómez
Pitching: RHP Carlos Ruíz
Batting: RHB Eugenio Lucero 0-0: Ball
1-0: Called Strike
1-1: Ball
2-1: Ground out 4-3 (Groundball, 4)
Batting: LHB Warren Potter 0-0: Ball
1-0: Called Strike
1-1: Ball
2-1: Foul Ball, location: 2F
2-2: Ground out 6-3 (Groundball, 6M)
Batting: RHB Yasuhiko Sumita 0-0: Called Strike
0-1: Swinging Strike
0-2: Strikes out swinging
Top of the 7th over - 0 run(s), 0 hit(s), 0 error(s), 0 left on base; New York 4 - Boston 3
BOTTOM OF THE 7TH
Boston Rebels batting - Pitching for New York Knights : RHP José Navarro
Batting: LHB Félix Gómez 0-0: Ball
1-0: Ball
2-0: Called Strike
2-1: Swinging Strike
2-2: Strikes out swinging
Batting: LHB Stanley Mullins 0-0: Foul Ball, location: 2F
0-1: Ball
1-1: Foul Ball, location: 2F
1-2: Foul Ball, location: 2F
1-2: Ball
2-2: Ball
3-2: Ground out 6-3 (Groundball, 6M)
Batting: LHB Bill Wilson 0-0: Ball
1-0: Ball
2-0: Ball
3-0: Called Strike
3-1: Called Strike
3-2: DOUBLE (Line Drive, 5L)
Batting: LHB Lorenzo Flores 0-0: Ball
Passed Ball!
Bill Wilson to third
1-0: Called Strike
1-1: Ball
2-1: Foul Ball, location: 2F
2-2: Foul Ball, location: 2F
2-2: Ball
3-2: Ground out 4-3 (Groundball, 34)
Bottom of the 7th over - 0 run(s), 1 hit(s), 0 error(s), 1 left on base; New York 4 - Boston 3
TOP OF THE 8TH
New York Knights batting - Pitching for Boston Rebels : RHP Carlos Ruíz
Batting: RHB Lonnie Anderson 0-0: SINGLE (Line Drive, 9LS)
Batting: LHB Vincente Sáenz 0-0: Ball
1-0: Ball
2-0: Sac Bunt - play at first, batter OUT! 1-4
Lonnie Anderson to second
Batting: RHB Sixto Vélez 0-0: Ball
Lonnie Anderson steals 3rd base
1-0: Fly out, F5 (Line Drive, 56)
Batting: LHB Tom Waller 0-0: Ball
1-0: SINGLE (Flyball, 89S)
Lonnie Anderson scores
Batting: SHB Marvin Harris 0-0: Ball
1-0: Foul Ball, location: 2F
1-1: Swinging Strike
1-2: Strikes out swinging
Top of the 8th over - 1 run(s), 2 hit(s), 0 error(s), 1 left on base; New York 5 - Boston 3
BOTTOM OF THE 8TH
Boston Rebels batting - Pitching for New York Knights : RHP José Navarro
Pitching: RHP António Sánchez
Batting: SHB Javier Villegas 0-0: Swinging Strike
0-1: Ball
1-1: Foul Ball, location: 2F
1-2: Strikes out looking
Batting: LHB Leo Wyeth 0-0: Ball
1-0: Ball
2-0: Called Strike
2-1: Foul Ball, location: 2F
2-2: Fly out, F9 (Flyball, 89D)
Batting: RHB Ronnie Brown 0-0: Called Strike
0-1: Ball
1-1: Foul Ball, location: 2F
1-2: Foul Ball, location: 2F
1-2: Ball
2-2: Strikes out looking
Bottom of the 8th over - 0 run(s), 0 hit(s), 0 error(s), 0 left on base; New York 5 - Boston 3
TOP OF THE 9TH
New York Knights batting - Pitching for Boston Rebels : RHP Carlos Ruíz
Batting: RHB Pepe Carrasco 0-0: Called Strike
0-1: Called Strike
0-2: Foul Ball, location: 2F
0-2: Ball
1-2: SINGLE (Groundball, 56D)
Batting: RHB Eugenio Lucero 0-0: Ball
1-0: Bunted foul
1-1: Bunt - Flyout! F1
Batting: LHB Warren Potter 0-0: Ball
Pepe Carrasco is caught stealing 2nd base
1-0: Ball
2-0: Ground out 6-3 (Groundball, 6)
Top of the 9th over - 0 run(s), 1 hit(s), 0 error(s), 0 left on base; New York 5 - Boston 3
BOTTOM OF THE 9TH
Boston Rebels batting - Pitching for New York Knights : RHP António Sánchez
Pitching: RHP Paco Ruíz
Batting: LHB Tony Ramírez 0-0: Fly out, F7 (Flyball, 7M)
Batting: RHB Rubén Matos 0-0: SINGLE (Line Drive, 56)
Batting: LHB Félix Gómez 0-0: Called Strike
0-1: Ball
1-1: Called Strike
1-2: Ball
2-2: Ball
3-2: Strikes out swinging
Batting: LHB Stanley Mullins 0-0: Ball
1-0: Fly out, F4 (Line Drive, 4)
Bottom of the 9th over - 0 run(s), 1 hit(s), 0 error(s), 1 left on base; New York 5 - Boston 3
This league is powered by Out of the Park Baseball, the baseball management simulation game for PC, Mac and Linux
Tuesday, August 2nd, 2016 - OOTP Baseball 16.8 Build 38